 Dungeon Crawl Stone Soup version 0.19.4-8-ga85b6b9 (console) character file.

3257 Grinner the Covert (level 9, -5/64 HPs)
             Began as a Spriggan Monk on Feb 15, 2017.
             Splashed by a jelly's acid (10 damage)
             ... on level 6 of the Dungeon.
             The game lasted 00:16:29 (5772 turns).

Grinner the Covert (Spriggan Monk)                  Turns: 5772, Time: 00:16:30

Health: -5/64      AC:  8    Str:  8    XL:     9   Next: 67%
Magic:  10/10      EV:  4    Int: 14    God:
Gold:   344        SH:  0    Dex: 18    Spells: 0 memorised, 8 levels left

rFire  . . .     SeeInvis +     a - +5 short sword
rCold  . . .     Gourm    .     (armour currently unavailable)
rNeg   + + +     Faith    .     (shield restricted)
rPois  +         Spirit   .     (helmet currently unavailable)
rElec  .         Reflect  .     (cloak currently unavailable)
rCorr  .         Harm     .     (gloves unavailable)
MR     +....     NoTele   +     (boots unavailable)
Stlth  ++++++....               w - amulet of regeneration
                                d - ring of positive energy
                                n - +2 ring of evasion

@: tree-form, corroded
A: unfitting armour, see invisible, herbivore 3, (speed 0), slow metabolism 2
a: no special abilities


You were on level 6 of the Dungeon.
You were full.
You were a tree.
You visited 1 branch of the dungeon, and saw 6 of its levels.

You collected 344 gold pieces.

Inventory:

Hand Weapons
 a - a +5 short sword (weapon)
Armour
 m - a +1 cloak (melded)
 y - a +2 robe of magic resistance (melded)
Jewellery
 d - a ring of positive energy (right branch)
 n - a +2 ring of evasion (left branch)
 w - an amulet of regeneration (around neck)
Wands
 r - a wand of polymorph (4/24)
Scrolls
 e - a scroll of teleportation
 h - a scroll of magic mapping
 i - 3 scrolls of remove curse
 j - a scroll of amnesia
 k - a scroll of noise
 l - a scroll of blinking
 o - 2 scrolls of enchant armour
 s - a scroll of immolation
 t - a scroll of random uselessness
Comestibles
 c - 4 bread rations
 f - 2 royal jellies
 q - 3 fruits
 x - a slice of pizza


   Skills:
 - Level 2.4 Fighting
 + Level 8.2 Short Blades
 + Level 10.4 Dodging
 * Level 14.7 Stealth


You had 8 spell levels left.
You didn't know any spells.

Dungeon Overview and Level Annotations

Branches:
Dungeon (6/15)
 Temple: D:4-7

Altars:
Fedhas
Hepliaklqana
Kikubaaqudgha
Qazlal
Sif Muna
Yredelemnul

Annotations:
D:6 Dowan


Innate Abilities, Weirdness & Mutations

You are very small and have problems with some larger weapons.
You are too small for most types of armour.
You have supernaturally acute eyesight. (SInv)
You are a herbivore.
((You cover ground extremely quickly.))
You need consume almost no food.


Message History

The acid corrodes you!
You are splashed with acid!
The acid burns!
* * * LOW HITPOINT WARNING * * *
As you read the scroll labeled WEPO ZEEBAGEO, it crumbles to dust.
You feel blessed for a moment.
It was a scroll of remove curse.
The jelly hits you but does no damage.
As you read the scroll labeled ECLIUK LAOMEU, it crumbles to dust.
You hear a loud clanging noise!
It was a scroll of noise.
You hear a shout! x7; You hear an angry hiss.
You hear a shout! x3
You hear a bark!
The jelly hits you but does no damage.
As you read the scroll labeled QYCAEL HEEPO, it crumbles to dust.
It is a scroll of enchant armour.
Your +0 cloak glows green for a moment.
The jelly hits you but does no damage.
As you read the scroll of enchant weapon, it crumbles to dust.
Your +4 short sword glows red for a moment.
The jelly hits you.
* * * LOW HITPOINT WARNING * * *
The acid corrodes you!
You are splashed with acid!
The acid burns!
You die...

#.# #.# ####.# #.# #...e#
#.. ##...e### ###
##.)⌠....##### ########
#.[[..)..##.. #.......
#...>......§# #.###...
#........##J# #.###.#.
##⌠...⌠#.#♣§# #.##....
##..)##§§#§# #.##..#.
###)####.§# ####......†
#######.####..# #..†###....
.........†....# #.).....###
############.######...#####
#........(## ###########


You could see a jelly.

Vanquished Creatures
  The ghost of usscaptain the Spear-Bearer, a novice MfSk of Makhleb (D:5)
  A wyvern (D:6)
  Sigmund (D:4)
  The ghost of dwoobler the Shooter, an amateur CeHu (D:3)
  Duvessa (D:6)
  A black bear (D:6)
  A sky beast (D:5)
  3 ogres
  A phantom (D:4)
  A centaur (D:5)
  3 big kobolds (D:4)
  A bullfrog (D:6)
  3 scorpions
  4 killer bees (D:5)
  4 wights (D:6)
  2 crimson imps
  A bullfrog zombie (D:5)
  A quasit (D:5)
  A centaur zombie (D:5)
  2 orc priests
  5 hounds
  An orc wizard (D:5)
  2 bullfrog skeletons (D:5)
  Natasha (thrice) (D:4)
  An iguana (D:4)
  2 worker ants
  A worker ant zombie (D:5)
  5 adders
  11 gnolls
  A shadow imp (D:5)
  3 oozes
  2 worms
  7 dart slugs
  3 leopard geckos
  9 orcs
  9 bats
  9 giant cockroaches
  27 hobgoblins
  7 jackals
  5 quokkas
  A ball python (D:2)
  3 frilled lizards
  30 goblins
  A jackal skeleton (D:5)
  9 kobolds
  6 rats
197 creatures vanquished.

Notes
Turn   | Place    | Note
-------+----------+-------------------------------------------
     0 | D:1      | Grinner the Spriggan Monk began the quest for the Orb.
     0 | D:1      | Reached XP level 1. HP: 11/11 MP: 2/2
   189 | D:1      | Reached XP level 2. HP: 11/16 MP: 3/3
   371 | D:1      | Reached skill level 4 in Stealth
   650 | D:1      | Reached XP level 3. HP: 18/19 MP: 4/4
   896 | D:2      | Reached skill level 5 in Stealth
  1214 | D:2      | Reached skill level 5 in Dodging
  1327 | D:2      | Reached XP level 4. HP: 20/23 MP: 5/5
  1356 | D:2      | Found a basalt altar of Yredelemnul.
  1978 | D:3      | Reached skill level 6 in Stealth
  2050 | D:3      | Noticed dwoobler's ghost (amateur CeHu)
  2069 | D:3      | Killed dwoobler's ghost
  2069 | D:3      | Reached skill level 7 in Stealth
  2069 | D:3      | Reached XP level 5. HP: 27/27 MP: 6/6
  2118 | D:3      | Reached XP level 6. HP: 22/32 MP: 7/7
  2361 | D:3      | Found a hazy altar of Hepliaklqana.
  2422 | D:4      | Noticed Natasha
  2451 | D:4      | Killed Natasha
  2451 | D:4      | Reached skill level 8 in Stealth
  2620 | D:4      | Found a deep blue altar of Sif Muna.
  2674 | D:4      | Noticed Sigmund
  2701 | D:4      | Reached skill level 5 in Short Blades
  2710 | D:4      | Killed Sigmund
  2710 | D:4      | Reached skill level 9 in Stealth
  2710 | D:4      | Reached XP level 7. HP: 35/35 MP: 8/8
  2897 | D:4      | Found a stormy altar of Qazlal.
  2915 | D:4      | Found an ancient bone altar of Kikubaaqudgha.
  2919 | D:4      | Found a blossoming altar of Fedhas.
  2955 | D:4      | Noticed Natasha
  2966 | D:4      | Killed Natasha
  3157 | D:4      | Noticed Natasha
  3170 | D:4      | Killed Natasha
  3176 | D:4      | Reached skill level 10 in Stealth
  3403 | D:4      | Reached XP level 8. HP: 28/39 MP: 9/9
  3419 | D:4      | Reached skill level 11 in Stealth
  4159 | D:5      | Entered Level 5 of the Dungeon
  4198 | D:5      | Noticed usscaptain's ghost (novice MfSk)
  4253 | D:5      | Killed usscaptain's ghost
  4253 | D:5      | Reached skill level 12 in Stealth
  4345 | D:5      | Reached XP level 9. HP: 38/43 MP: 10/10
  4347 | D:5      | Reached skill level 13 in Stealth
  5557 | D:6      | Reached skill level 14 in Stealth
  5571 | D:6      | Reached skill level 10 in Dodging
  5693 | D:6      | Noticed Dowan
  5721 | D:6      | Noticed Duvessa
  5760 | D:6      | Killed Duvessa
  5772 | D:6      | Splashed by a jelly's acid

Skill      XL: |  1  2  3  4  5  6  7  8  9 |
---------------+----------------------------+-----
Stealth        | 4 5 7 9 10 12 14 | 14.7
Dodging        | 5 6 7 9 10 | 10.4
Short Blades   | 4 5 6 7 8 |  8.2
Fighting       | |  2.4

Action                   |  1- 3 |  4- 6 |  7- 9 || total
-------------------------+-------+-------+-------++-------
Melee: Short sword       |   154 |   137 |   559 ||   850
Evoke: Wand              |       |       |     3 ||     3
  Use: Potion            |       |     4 |     6 ||    10
       Scroll            |       |       |    13 ||    13
 Stab: Sleeping          |    11 |     8 |    15 ||    34
       Distracted        |       |       |     7 ||     7
  Eat: Pizza             |       |       |     1 ||     1
       Bread ration      |       |       |     1 ||     1
       Fruit             |       |       |     1 ||     1
Armor: Robe              |    17 |    13 |    20 ||    50
       Skin              |       |       |    24 ||    24
Dodge: Dodged            |   139 |   120 |   470 ||   729
